 Dungeon Crawl Stone Soup version 0.30.1-9-gdf580d7c3d (webtiles) character file.

Game seed: 3615714814104470129

84 KittyFluff the Cudgeller (level 4, -1/29 HPs)
             Began as a Gargoyle Berserker on Oct 10, 2023.
             Was a Believer of Trog.
             Slain by a black bear (7 damage)
             ... on level 4 of the Dungeon.
             The game lasted 00:08:37 (2193 turns).

KittyFluff the Cudgeller (Gargoyle Berserker)       Turns: 2193, Time: 00:08:38

Health: -1/29      AC:  8    Str: 20    XL:     4   Next: 45%
Magic:  4/4        EV: 12    Int:  8    God:    Trog [**....]
Gold:   176        SH:  0    Dex: 11    Spells: 3/3 levels left

rFire   . . .        a - +0 mace
rCold   . . .        (no shield)
rNeg    + . .        d - +0 leather armour
rPois   ∞            b - +0 helmet
rElec   +            (no cloak)
rCorr   .            (no gloves)
SInv    .            (no boots)
Will    .....        (no amulet)
Stlth   +            (no ring)
HPRegen 0.24/turn    (no ring)
MPRegen 0.09/turn

%: no passive effects
@: no status effects
A: sickness immunity, AC +3, negative energy resistance 1, electricity
resistance, torment resistance 1, petrification resistance
a: Renounce Religion, Berserk, Trog's Hand


You were on level 4 of the Dungeon.
You worshipped Trog.
Trog was pleased with you.
You visited 1 branch of the dungeon, and saw 4 of its levels.

You collected 176 gold pieces.

Inventory:

Hand Weapons
 a - a +0 mace (weapon)
Armour
 b - a +0 helmet (worn)
 d - a +0 leather armour (worn)
Scrolls
 e - 2 scrolls of poison {unknown}
 g - 4 scrolls of enchant weapon {unknown}
 k - 2 scrolls of identify {unknown}
 l - 2 scrolls of magic mapping {unknown}
 m - a scroll of teleportation {unknown}
 o - a scroll of vulnerability {unknown}
 p - a scroll of blinking {unknown}
 r - a scroll of fog {unknown}
 s - a scroll of immolation {unknown}
 u - a scroll of amnesia {unknown}
Potions
 c - a potion of curing {unknown}
 f - a potion of flight {unknown}
 h - a potion of might {unknown}
 i - a potion of heal wounds {unknown}
 j - a potion of attraction {unknown}
 n - 2 potions of haste {unknown}
 q - a potion of resistance {unknown}
 t - a potion of brilliance {unknown}


   Skills:
 + Level 3.7 Fighting
 * Level 3.8 Maces & Flails
 * Level 3.4 Armour
 + Level 2.1 Dodging


You had 3 spell levels left.
You didn't know any spells.
Your spell library was empty.

Dungeon Overview and Level Annotations

Branches:
Dungeon (4/15)
 Temple: D:4-7

Altars:


Innate Abilities, Weirdness & Mutations

You are immune to sickness and miasma.
Your stone body is resilient. (AC +3)
You are immune to poison.
You resist negative energy. (rN+)
You are resistant to electric shocks. (rElec)
You are resistant to unholy torment.
You are immune to petrification.


Message History

You punch the black bear, but do no damage.
The black bear bites you but does no damage.
The black bear barely misses you. The black bear claws you.
You barely miss the black bear. The black bear bites you.
The black bear claws you.
The black bear claws you but does no damage.
The black bear barely misses you. The black bear claws you.
The black bear claws you but does no damage.
You sock the black bear!
The black bear is moderately wounded.
The black bear bites you but does no damage.
The black bear claws you but does no damage.
The black bear barely misses you.
You sock the black bear!
The black bear is severely wounded.
The black bear bites you but does no damage.
The black bear claws you but does no damage.
The black bear closely misses you.
You hit the black bear.
The black bear is almost dead.
The black bear goes berserk!
You hit the black bear.
The black bear is almost dead.
The black bear closely misses you. x2
The black bear claws you but does no damage.
The black bear bites you!
* * * LOW HITPOINT WARNING * * *
The black bear claws you but does no damage. x2
You hit the black bear but do no damage.
The black bear is almost dead.
The black bear bites you but does no damage.
The black bear barely misses you. The black bear completely misses you.
The black bear bites you.
* * * LOW HITPOINT WARNING * * *
The black bear completely misses you.
The black bear claws you but does no damage.
You hit the black bear.
The black bear is almost dead.
The black bear bites you!
You die...

#.(.......# #....#
#...?.....# .....###
###.........### #......
............. #....#
#......<..# #....#
#.......# .....#
#...h.###.. .....#
#######.@......#
...######...>...########
##....†...#######
##########


You could see a black bear (berserk).

Vanquished Creatures
  An adder (D:2)
  A worm (D:2)
  A dart slug (D:1)
  5 orcs
  6 ball pythons
  5 endoplasms
  3 giant cockroaches (D:1)
  3 goblins
  5 hobgoblins
  3 jackals (D:1)
  2 quokkas (D:1)
  4 bats
  5 frilled lizards
  9 kobolds
  8 rats
61 creatures vanquished.

Notes
Turn   | Place    | Note
-------+----------+-------------------------------------------
     0 | D:1      | KittyFluff the Gargoyle Berserker began the quest for the
                  | Orb.
     0 | D:1      | Reached XP level 1. HP: 14/14 MP: 1/1
   119 | D:1      | Found a faded altar of an unknown god.
   144 | D:1      | Reached XP level 2. HP: 17/19 MP: 2/2
   584 | D:1      | Reached XP level 3. HP: 23/23 MP: 3/3
   846 | D:1      | Reached ** piety under Trog
  1532 | D:2      | Reached XP level 4. HP: 29/29 MP: 4/4
  2165 | D:3      | You fall into a shaft and drop 1 floor!
  2182 | D:4      | Noticed a black bear
  2193 | D:4      | Slain by a black bear

Illustrated notes

Levels and vault maps discovered:
D:1:      nzn_arrival_water_spiral, layout_basic,
          hellmonk_ecumenical_altar_dog_temple, minmay_vboxes
D:2:      layout_loops_ring, minmay_misc_feat_tower
D:3:      layout_basic, zin_angel, serial_shops, shop, nicolae_shop_mannequins,
          patterned_corridor
D:4:      layout_rooms, st_stairs_13

Skill      XL: |  1  2  3 |
---------------+----------+-----
Armour         | 3 |  3.4
Dodging        | 2 |  2.1
Fighting       | |  3.7
Maces & Flails | |  3.8

Action                     |  1- 3 |  4- 6 || total
---------------------------+-------+-------++-------
  Melee: Mace              |   128 |    81 ||   209
         Punch             |     2 |     1 ||     3
 Armour: Leather armour    |    53 |    41 ||    94
  Dodge: Dodged            |    77 |    51 ||   128
